 Dungeon Crawl Stone Soup version 0.30-a0-1082-g70414cbcbb (webtiles) character file.

Game seed: 15699056597432445503

167407 jt the Spear-Bearer (level 17, -2/179 HPs)
             Began as an Ogre Fighter on Apr 15, 2023.
             Was a High Priest of Sif Muna.
             Slain by a caustic shrike simulacrum (15 damage)
             ... summoned by an orange crystal statue
             ... in an ice cave.
             The game lasted 02:58:46 (36403 turns).

jt the Spear-Bearer (Ogre Fighter)                 Turns: 36403, Time: 02:58:47

Health: -2/179     AC:  7    Str: 26 (27) XL:     17   Next: 92%
Magic:  30/42      EV: 14    Int: 19 (21) God:    Sif Muna [*****.]
Gold:   1527       SH: 20    Dex:  8      Spells: 19/41 levels left

rFire   + . .      SeeInvis .    N - staff of poison
rCold   + . .      Faith    .    c - +1 kite shield
rNeg    . . .      Spirit   .    o - +0 steam dragon scales
rPois   +          Reflect  +    g - +1 hat {Will+}
rElec   .          Rampage  .    q - scarf {rC+ rF+}
rCorr   .                        (gloves unavailable)
Will    ++...                    (boots unavailable)
Stlth   ++                       R - amulet of reflection
HPRegen 0.49/turn                Y - ring "Xuateja" {+Blink MP+9 EV+5 Int+3}
MPRegen 0.28/turn                I - ring of Beditt {Wiz Str+3 Int+3}

@: no status effects
A: large, unfitting armour, tough skin 1, hooves 1, large bone plates 1,
deterioration 1
a: Renounce Religion, Evoke Blink, Channel Magic, Forget Spell, Divine Exegesis


You were in an ice cave.
You worshipped Sif Muna.
Sif Muna was extremely pleased with you.
You visited 5 branches of the dungeon, and saw 27 of its levels.
You also visited: Sewer, Ossuary, Gauntlet, Ice Cave and Volcano.

You collected 2843 gold pieces.
You spent 1316 gold pieces at shops.

Inventory:

Hand Weapons
 a - a +1 trident of venom
 j - a +1 trident of flaming
 m - a +1 hand crossbow of flaming
 z - the +1 morningstar "Ruanerit" {protect, Fly rPois}
   (You took it off a deep elf pyromancer on level 13 of the Dungeon)

   rPois:     It protects you from poison.
   Fly:       It grants you flight.
Missiles
 b - 30 poisoned darts (quivered)
 i - 24 javelins
 u - 24 large rocks
 E - 6 boomerangs of dispersal
 O - a throwing net
Armour
 c - a +1 kite shield (worn)
 g - a +1 hat of willpower (worn)
 o - +0 steam dragon scales (worn)
 q - a scarf of resistance (worn)
Magical Staves
 N - a staff of poison (weapon)
Jewellery
 k - a ring of see invisible
 I - the ring of Beditt (right hand) {Wiz Str+3 Int+3}
   (You found it in a Gauntlet)

   [ring of wizardry]

   It improves your spell success rate.
   Str:       It affects your strength (+3).
   Int:       It affects your intelligence (+3).
 R - an amulet of reflection (around neck)
 V - a +6 ring of intelligence
 Y - the ring "Xuateja" (left hand) {+Blink MP+9 EV+5 Int+3}
   (You acquired it on level 15 of the Dungeon)

   [ring of evasion]

   EV:        It affects your evasion (+5).
   Int:       It affects your intelligence (+3).
   MP:        It affects your magic capacity (+9).
   +Blink:    It lets you blink.
Wands
 f - a wand of iceblast (18)
 v - a wand of digging (2)
 x - a wand of polymorph (20)
 G - a wand of paralysis (24)
 K - a wand of mindburst (8)
 L - a wand of quicksilver (11)
 M - a wand of flame (31)
Scrolls
 n - 12 scrolls of teleportation
 p - 6 scrolls of vulnerability
 C - 3 scrolls of immolation
 H - 5 scrolls of fear
 J - 2 scrolls of silence
 S - 4 scrolls of fog
 X - a scroll of butterflies
Potions
 d - 5 potions of might
 e - 3 potions of cancellation
 h - a potion of heal wounds
 l - 11 potions of curing
 s - 2 potions of invisibility
 A - 3 potions of flight
 B - 8 potions of magic
 P - 3 potions of brilliance
 T - 6 potions of mutation
 W - 2 potions of berserk rage
Miscellaneous
 t - a box of beasts
 D - a lightning rod (inert)
 Q - a phantom mirror
 U - a phial of floods


   Skills:
 - Level 13.9 Fighting
 - Level 14.0 Polearms
 - Level 2.0 Throwing
 - Level 3.3 Armour
 - Level 4.7 Dodging
 - Level 2.0 Stealth
 - Level 10.0 Shields
 + Level 12.8 Spellcasting
 + Level 12.3 Conjurations
 + Level 6.5 Translocations
 - Level 2.0 Transmutations
 - Level 2.0 Fire Magic
 - Level 8.0 Ice Magic
 - Level 5.0 Air Magic
 - Level 5.0 Poison Magic
 - Level 5.0 Invocations
 - Level 5.0 Evocations


You had 19 spell levels left.
You knew the following spells:

 Your Spells              Type           Power      Damage    Failure   Level
a - Blink                 Tloc           74%        N/A       1%          2
b - Poisonous Vapours     Pois/Air       92%        N/A       1%          2
c - Mephitic Cloud        Conj/Pois/Air  57%        N/A       1%          3
d - Ignite Poison         Fire/Tmut/Pois 35%        N/A       3%          3
e - Vhi's Electric Charg  Tloc/Air       68%        N/A       1%          3
f - Freezing Cloud        Conj/Ice/Air   22%        6-21      3%          5
g - Iskenderun's Mystic   Conj/Tloc      48%        2d11      1%          4

Your spell library contained the following spells:

 Spells                   Type           Power      Damage    Failure   Level
 Beastly Appendage        Tmut           38%        N/A       1%          1
 Foxfire                  Conj/Fire      100%       2x1d9     1%          1
 Kiss of Death            Conj/Necr      100%       2d13      1%          1
 Shock                    Conj/Air       100%       1d9       1%          1
 Cigotuvi's Dreadful Rot  Necr/Pois/Air  74%        N/A       1%          2
 Ensorcelled Hibernation  Hex/Ice        54%        N/A       1%          2
 Lesser Beckoning         Tloc           74%        N/A       1%          2
 Momentum Strike          Conj/Tloc      96%        3d10      1%          2
 Searing Ray              Conj           100%       2d8       1%          2
 Static Discharge         Conj/Air       90%        2-6/arc   1%          2
 Hailstorm                Conj/Ice       50%        3d11      1%          3
 Swiftness                Air            31%        N/A       1%          3
 Wereblood                Tmut           19%        N/A       2%          2
 Spider Form              Tmut/Pois      38%        N/A       3%          3
 Arcjolt                  Conj/Air       22%        1d32      3%          5
 Necrotise                Necr           48%        1d6       4%          1
 Sandblast                Erth           24%        2d8       4%          1
 Summon Small Mammal      Summ           48%        N/A       4%          1
 Passwall                 Tmut/Erth      12%        N/A       4%          2
 Airstrike                Air            15%        2d(3-19)  5%          4
 Ice Form                 Ice/Tmut       31%        N/A       5%          4
 Sublimation of Blood     Necr           12%        N/A       6%          2
 Fireball                 Conj/Fire      19%        3d9       6%          5
 Irradiate                Conj/Tmut      19%        3d18      6%          5
 Summon Ice Beast         Ice/Summ       27%        N/A       9%          4
 Call Canine Familiar     Summ           12%        N/A       12%         3
 Confusing Touch          Hex            12%        N/A       12%         3
 Summon Guardian Golem    Hex/Summ       12%        N/A       12%         3
 Vampiric Draining        Necr           12%        2d6       12%         3
 Summon Lightning Spire   Summ/Air       21%        N/A       16%         4
 Petrify                  Tmut/Erth      15%        N/A       26%         4
 Starburst                Conj/Fire      19%        6d7       32%         6
 Anguish                  Hex/Necr       6%         N/A       38%         4
 Cause Fear               Hex            6%         N/A       38%         4
 Dispel Undead            Necr           12%        3d9       38%         4
 Leda's Liquefaction      Hex/Erth       6%         N/A       38%         4
 Dispersal                Tloc           18%        N/A       38%         6
 Agony                    Necr           12%        N/A       71%         5
 Borgnjor's Vile Clutch   Necr/Erth      6%         N/A       71%         5
 Simulacrum               Ice/Necr       13%        N/A       73%         6
 Ozocubu's Refrigeration  Ice            21%        4d12      75%         7
 Plasma Beam              Fire/Air       12%        2x1d26    80%         6
 Enfeeble                 Hex            6%         N/A       100%        7
 Disjunction              Tloc           18%        N/A       100%        8
 Maxwell's Capacitive Co  Air            15%        ∞         100%        8
 Fire Storm               Conj/Fire      19%        8d5       100%        9
 Polar Vortex             Ice            21%        N/A       100%        9


Dungeon Overview and Level Annotations

Branches:
Dungeon (15/15)            Temple (1/1) D:6            Lair (5/5) D:11
  Swamp (4/4) Lair:3       Spider (0/4) Lair:2        Slime (0/5) Lair:4
    Orc (2/2) D:9             Elf (0/3) Orc:2        Vaults (0/5) D:13
 Depths (0/4) D:15          Sewer (visited)         Ossuary (visited)
  IceCv (1/1)             Volcano (visited)         Gauntlet (visited)

Altars:
Dithmenos
Elyvilon
Kikubaaqudgha
Qazlal
Sif Muna
Uskayaw
Vehumet
Zin
Jiyva

Shops:
D:11 :[   D:13 (   Orc:2 [[=?

Annotations:
D:1 exclusion: kobold
D:3 Grinder
D:8 exclusion: oklob plant
D:11 exclusion: ice statue
Lair:4 2 transporters, exclusion: 3 oklob plants, adept's ghost, journeyman TrFi IceCv exclusion: 2 orange crystal statues


Innate Abilities, Weirdness & Mutations

You are too large for most types of armour.
You have tough skin. (AC +1)
You have large cloven feet.
You are partially covered in large bone plates. (SH +4)
Your body sometimes deteriorates upon taking damage.


Message History

The caustic shrike simulacrum claws you!
The caustic shrike simulacrum freezes you!
You resist.
You block the caustic shrike simulacrum's attack.
The orange crystal statue is engulfed in freezing vapours. x2
The orange crystal statue glitters topaz in the dim dungeon light.
Unknown command.
Aiming: Thunderbolt
Press: ? - help, Shift-Dir - straight line, f/p - orange crystal statue
Aim: an orange crystal statue (freezing vapour, severely damaged)
The thunderbolt hits the caustic shrike simulacrum!!
The caustic shrike simulacrum is heavily damaged.
The thunderbolt hits the orange crystal statue!
The orange crystal statue resists.
The orange crystal statue is severely damaged.
The lightning rod overheats!
The caustic shrike simulacrum claws you.
The caustic shrike simulacrum freezes you!
You resist.
The caustic shrike simulacrum closely misses you.
The orange crystal statue is engulfed in freezing vapours.
The orange crystal statue fixes its piercing gaze on you.
Something tries to feed on your intellect!
The caustic shrike simulacrum claws you!!
The caustic shrike simulacrum freezes you!!
You resist.
* * * LOW HITPOINT WARNING * * *
You block the caustic shrike simulacrum's attack.
Aiming: Quicksilver Bolt
Press: ? - help, Shift-Dir - straight line, f/p - orange crystal statue
Aim: an orange crystal statue (freezing vapour, severely damaged, 100% to hit)
The bolt of dispelling energy misses the caustic shrike simulacrum.
The bolt of dispelling energy hits the orange crystal statue!
The orange crystal statue is almost destroyed.
The caustic shrike simulacrum claws you!!
* * * LOW HITPOINT WARNING * * *
Your body deteriorates!
You feel dopey.
The caustic shrike simulacrum freezes you!
You resist.
You die...

###### #############
.....## ##..?..#.....##
......###.....[#....§§##
.......#.......#...§§§§#
.∩..∩...............§§§8
.......#.......#@ZZ.§§§#
......###......#.Z.°§§##
.....## ##...[(#...§8##
###### #############


You could see 2 orange crystal statues, a dire elephant simulacrum (summoned)
and 2 caustic shrike simulacra.

Vanquished Creatures
  Nikola (Swamp:2)
  Gastronok (Lair:1)
  A thorn hunter (Swamp:2)
  Frances (Swamp:1)
  Agnes (D:15)
  A fenstrider witch (Swamp:4)
  A stone giant (D:15)
  2 very ugly things
  2 eleionomae (Swamp:3)
  8 bunyips
  A minotaur (Gauntlet)
  A dire elephant (Lair:5)
  A red draconian (Volcano)
  An ettin (D:9)
  2 shambling mangroves
  8 hydras
  An ogre mage (D:13)
  A ghost crab (Swamp:2)
  A caustic shrike simulacrum (IceCv)
  4 vault guards (D:13)
  5 centaur warriors
  3 alligators (Swamp:1)
  6 catoblepae
  Erica (D:10)
  10 death yaks (Lair:5)
  A deep troll shaman (Lair:5)
  4 two-headed ogres
  A boulder beetle (D:12)
  Urug (D:13)
  Nergalle (Lair:1)
  A skyshark (Lair:4)
  A salamander mystic (Volcano)
  Lodul (D:10)
  2 goliath frogs
  8 bog bodies
  5 swamp dragons
  A spriggan druid (Swamp:1)
  7 deep elf pyromancers
  3 wizards
  8 orc knights
  2 deep elf zephyrmancers (D:11)
  8 ugly things
  2 manticores (D:13)
  5 cyclopes
  5 will-o-the-wisps
  5 salamanders (Volcano)
  Maurice (D:11)
  7 black mambas
  A torpor snail (Lair:5)
  10 elephants (Lair:5)
  Joseph (D:7)
  A molten gargoyle (Volcano)
  3 rime drakes
  A gargoyle (D:13)
  14 cane toads
  A kobold demonologist (D:9)
  2 unseen horrors
  2 freezing wraiths (IceCv)
  2 anaconda simulacra (IceCv)
  4 yaktaurs
  3 komodo dragons
  3 tengu conjurers (D:15)
  3 golden dragon simulacra (IceCv)
  3 ice devils (D:11)
  4 meliai
  9 trolls
  3 bloated husks
  4 polar bears
  A wolf spider simulacrum (Gauntlet)
  15 hornets
  5 tyrant leeches (Swamp:3)
  A tarantella (shapeshifter) (D:13)
  Prince Ribbit (D:6)
  13 blink frogs
  2 dream sheep (Lair:2)
  10 spriggans
  2 wraiths
  2 wyverns
  3 dire elephant simulacra (IceCv)
  3 vampires
  3 basilisks
  5 fire bats (Volcano)
  2 steam dragons
  14 vampire mosquitoes
  41 yaks
  4 wargs
  Menkaure (D:5)
  2 harpy simulacra (Gauntlet)
  5 acid dragons
  9 swamp worms
  11 water moccasins
  Pargi (Sewer)
  40 orc warriors
  A swamp drake (Lair:3)
  2 alligator simulacra (IceCv)
  4 ice beasts (D:11)
  2 black bears
  2 ettin simulacra (IceCv)
  9 ogres
  12 wolves
  4 boggarts (D:14)
  8 centaurs
  10 bullfrogs
  3 scorpions
  5 water moccasin zombies (Ossuary)
  11 wights
  A lindwurm simulacrum (IceCv)
  5 killer bees (Lair:2)
  2 howler monkeys
  An electric eel (Lair:2)
  4 lava snakes (Volcano)
  8 hounds
  8 jellies
  A gnoll bouda (Lair:2)
  10 orc priests
  3 iguanas
  15 orc wizards
  A boggart simulacrum (D:15)
  2 mummies (Ossuary)
  6 adders
  6 shadow imps
  3 white imps
  8 ufetubi (D:11)
  6 adder zombies (Ossuary)
  3 worms
  A dart slug (D:1)
  79 orcs
  5 ball pythons
  5 bats
  15 endoplasms
  7 giant cockroaches
  5 gnoll zombies (Ossuary)
  9 goblins
  3 hobgoblins
  4 jackals
  2 quokkas
  2 frilled lizards (D:1)
  5 hobgoblin zombies (Ossuary)
  12 kobolds
  3 kobold zombies (Ossuary)
  3 orc zombies (Ossuary)
  5 rats
746 creatures vanquished.

Vanquished Creatures (collateral kills)
  A hydra (D:13)
1 creature vanquished.

Vanquished Creatures (others)
  A deep elf zephyrmancer (D:11)
  2 deep elf pyromancers (D:11)
  A manticore (D:13)
  An orc wizard (D:5)
  A bush (Lair:5)
  32 foxfires
  43 fungi
  63 plants
144 creatures vanquished.

Grand Total: 891 creatures vanquished

Notes
Turn   | Place    | Note
-------+----------+-------------------------------------------
     0 | D:1      | jt the Ogre Fighter began the quest for the Orb.
     0 | D:1      | Reached XP level 1. HP: 24/24 MP: 1/1
   119 | D:1      | Reached XP level 2. HP: 32/32 MP: 2/2
   312 | D:1      | Reached skill level 1 in Stealth
   465 | D:1      | Reached XP level 3. HP: 39/39 MP: 3/3
  1547 | D:2      | Learned a level 2 spell: Blink
  1636 | D:2      | Reached XP level 4. HP: 35/48 MP: 4/4
  1946 | D:3      | Noticed Grinder
  2609 | D:4      | Noticed a scorpion
  2616 | D:4      | Killed a scorpion
  2617 | D:4      | Reached skill level 3 in Polearms
  2617 | D:4      | Reached skill level 1 in Spellcasting
  2617 | D:4      | Reached XP level 5. HP: 54/55 MP: 4/6
  2741 | D:4      | Reached skill level 5 in Fighting
  2785 | D:4      | Reached XP level 6. HP: 64/66 MP: 8/8
  3061 | D:5      | Entered Level 5 of the Dungeon
  3208 | D:5      | Found a glowing drain.
  3219 | Sewer    | Entered a sewer
  3376 | Sewer    | Noticed Pargi
  3398 | Sewer    | Killed Pargi
  3399 | Sewer    | Reached skill level 1 in Throwing
  3399 | Sewer    | Reached skill level 1 in Air Magic
  3516 | D:5      | Noticed Menkaure
  3523 | D:5      | Killed Menkaure
  3524 | D:5      | Reached skill level 4 in Polearms
  3524 | D:5      | Reached skill level 1 in Poison Magic
  3524 | D:5      | Reached XP level 7. HP: 75/75 MP: 10/10
  3578 | D:5      | Learned a level 2 spell: Poisonous Vapours
  4053 | D:5      | Reached skill level 5 in Shields
  4112 | D:5      | Found a shimmering blue altar of Sif Muna.
  4183 | D:5      | Became a worshipper of Sif Muna the Loreminder
  4266 | D:6      | Reached XP level 8. HP: 58/87 MP: 11/11
  4387 | D:6      | Noticed Prince Ribbit
  4415 | D:6      | Killed Prince Ribbit
  4422 | D:6      | Reached skill level 5 in Polearms
  4498 | D:6      | HP: 2/87 [steam dragon/ball of steam (25)]
  4813 | D:6      | Identified a scroll of acquirement
  4814 | D:6      | Acquired a scarf of resistance
  4865 | D:6      | Found a staircase to the Ecumenical Temple.
  4954 | Temple   | Entered the Ecumenical Temple
  5445 | D:7      | Reached skill level 1 in Translocations
  5445 | D:7      | Reached skill level 1 in Evocations
  5631 | D:7      | Noticed Joseph
  5660 | D:7      | Killed Joseph
  5661 | D:7      | Reached XP level 9. HP: 92/97 MP: 13/13
  5891 | D:7      | Reached skill level 6 in Polearms
  6254 | D:8      | Reached skill level 7 in Polearms
  6254 | D:8      | Reached skill level 5 in Spellcasting
  6254 | D:8      | Reached XP level 10. HP: 77/106 MP: 13/18
  6262 | D:8      | Reached * piety under Sif Muna
  6274 | D:8      | Gained mutation: Your flesh is cold resistant. (rC+)
                  | [potion of mutation]
  6274 | D:8      | Gained mutation: Your body sometimes deteriorates upon
                  | taking damage. [potion of mutation]
  6274 | D:8      | Gained mutation: You have hidden genetic defects. [potion
                  | of mutation]
  6502 | D:8      | Found a sand-covered staircase.
  6508 | Ossuary  | Entered an ossuary
  6524 | Ossuary  | Learned a level 3 spell: Mephitic Cloud
  6645 | Ossuary  | Reached skill level 8 in Polearms
  6683 | Ossuary  | Reached ** piety under Sif Muna
  6754 | D:8      | Gained mutation: You occasionally lose the ability to drink
                  | potions when taking damage. [hidden defects]
  6768 | D:8      | Reached skill level 1 in Conjurations
  6906 | D:8      | Noticed an oklob plant
  7608 | D:8      | Gained mutation: Your body often deteriorates upon taking
                  | damage. [hidden defects]
  7608 | D:8      | Lost mutation: You have hidden genetic defects. [hidden
                  | defects expressed]
  8068 | D:9      | Reached XP level 11. HP: 87/117 MP: 16/19
  8139 | D:9      | Found a staircase to the Orcish Mines.
  8188 | D:9      | Found a glowing silver altar of Zin.
  8238 | D:9      | Reached skill level 10 in Fighting
  8254 | D:9      | Reached *** piety under Sif Muna
  8538 | D:9      | Found a shadowy altar of Dithmenos.
  8718 | D:9      | Noticed a deep elf pyromancer
  8731 | D:9      | Killed a deep elf pyromancer
  8812 | D:10     | Entered Level 10 of the Dungeon
  8849 | D:10     | Lost mutation: Your flesh is cold resistant. (rC+) [potion
                  | of mutation]
  8849 | D:10     | Lost mutation: Your body often deteriorates upon taking
                  | damage. [potion of mutation]
  8849 | D:10     | Lost mutation: You occasionally lose the ability to drink
                  | potions when taking damage. [potion of mutation]
  8849 | D:10     | Gained mutation: You have large cloven feet. [potion of
                  | mutation]
  8849 | D:10     | Gained mutation: You are partially covered in large bone
                  | plates. (SH +4) [potion of mutation]
  8936 | D:10     | Noticed a two-headed ogre
  8941 | D:10     | Noticed Erica
  8952 | D:10     | Killed a two-headed ogre
  8953 | D:10     | Reached skill level 9 in Polearms
  8969 | D:10     | Killed Erica
  9057 | D:10     | Noticed Lodul
  9218 | Orc:1    | Entered Level 1 of the Orcish Mines
  9218 | Orc:1    | Noticed an orc knight
  9218 | Orc:1    | Noticed an ettin
  9244 | D:9      | Killed an ettin
  9312 | D:9      | Killed an orc knight
  9782 | Orc:1    | Reached skill level 5 in Conjurations
 10056 | Orc:2    | Entered Level 2 of the Orcish Mines
 10366 | Orc:2    | Found a staircase to the Elven Halls.
 10468 | Orc:2    | Reached **** piety under Sif Muna
 10683 | Orc:2    | Reached XP level 12. HP: 86/132 MP: 20/20
 11373 | Orc:2    | Reached skill level 10 in Polearms
 12068 | Orc:2    | Found Daack's Jewellery Emporium.
 12068 | Orc:2    | Found Piussucabb's Magic Scroll Shop.
 12082 | Orc:2    | Bought a scroll of immolation for 60 gold pieces
 12580 | Orc:2    | Found Fuphul's Armour Shop.
 12580 | Orc:2    | Found Wusuna Cuedo's Armour Emporium.
 12611 | Orc:2    | Noticed a two-headed ogre
 12881 | Orc:2    | Killed a two-headed ogre
 12882 | Orc:2    | Reached skill level 5 in Poison Magic
 13160 | Orc:2    | Reached skill level 5 in Air Magic
 13483 | Orc:2    | Bought an amulet of reflection for 510 gold pieces
 13728 | Orc:2    | Bought the ring "Gyirphi" {Drain +Blink Will+ Str+2 Int+3}
                  | for 746 gold pieces
 13917 | D:10     | Killed Lodul
 14385 | D:11     | Reached ***** piety under Sif Muna
 14882 | D:11     | Found Ovuv's Armour Shop.
 14894 | D:11     | Noticed Maurice
 14904 | D:11     | Killed Maurice
 14905 | D:11     | Reached XP level 13. HP: 144/144 MP: 9/21
 15055 | D:11     | Reached skill level 11 in Polearms
 15433 | D:11     | Found a staircase to the Lair.
 15486 | D:11     | Found Ecyg's Book Emporium.
 15895 | Lair:1   | Entered Level 1 of the Lair of Beasts
 16022 | Lair:1   | Reached skill level 1 in Ice Magic
 16237 | Lair:1   | Noticed Nergalle
 16258 | Lair:1   | Killed Nergalle
 16273 | Lair:1   | Noticed Gastronok
 16638 | Lair:1   | Killed Gastronok
 17169 | Lair:2   | Received a gift from Sif Muna
 17349 | Lair:2   | Learned a level 3 spell: Ignite Poison
 17489 | Lair:2   | Found a hole to the Spider Nest.
 18434 | Lair:3   | Reached skill level 1 in Transmutations
 18434 | Lair:3   | Reached skill level 1 in Fire Magic
 18701 | Lair:3   | You fall into a shaft and drop 1 floor!
 18703 | Lair:4   | Found a transporter.
 18706 | Lair:4   | Noticed adept's ghost (journeyman TrFi)
 18866 | Lair:4   | Found a dark tunnel.
 18877 | Volcano  | Entered a volcano
 19197 | Volcano  | Noticed a red draconian
 19224 | Volcano  | Reached XP level 14. HP: 153/153 MP: 1/23
 19225 | Volcano  | Reached skill level 12 in Polearms
 19230 | Volcano  | Reached skill level 1 in Invocations
 19239 | Volcano  | Killed a red draconian
 19372 | Volcano  | Found a radiant altar of Vehumet.
 19790 | Lair:4   | Found a transporter.
 19984 | Lair:4   | Found a radiant altar of Vehumet.
 20056 | Lair:4   | Found a viscous altar of Jiyva.
 20452 | Lair:5   | Entered Level 5 of the Lair of Beasts
 20759 | Lair:5   | Received a gift from Sif Muna
 20763 | Lair:5   | Got Sif Muna's Directory of Transportation and the
                  | Geologist {god gift}
 20768 | Lair:5   | Learned a level 3 spell: Vhi's Electric Charge
 22637 | Lair:5   | Reached skill level 10 in Shields
 23483 | Lair:5   | Noticed a dire elephant
 23504 | Lair:5   | Killed a dire elephant
 23505 | Lair:5   | Reached XP level 15. HP: 107/161 MP: 4/27
 24257 | D:12     | Reached skill level 5 in Invocations
 24635 | D:12     | Found a hide-covered altar of Uskayaw.
 24745 | D:13     | Found a gate to the Vaults.
 24946 | D:13     | Identified the +1 morningstar "Ruanerit" {protect, Fly
                  | rPois}
 24962 | D:13     | Found a gate leading to a gauntlet.
 24971 | Gauntlet | Entered a Gauntlet
 24971 | Gauntlet | Found a transporter.
 24974 | Gauntlet | Found a transporter.
 24975 | Gauntlet | Found a transporter.
 24979 | Gauntlet | Found a transporter.
 24980 | Gauntlet | Found a transporter.
 24988 | Gauntlet | Found a transporter.
 25079 | Gauntlet | Found a transporter.
 25097 | Gauntlet | Found a transporter.
 25101 | Gauntlet | Found a transporter.
 25110 | Gauntlet | Found a transporter.
 25128 | Gauntlet | Found a transporter.
 25159 | Gauntlet | Found a transporter.
 25227 | Gauntlet | Identified the ring of Beditt {Wiz Str+3 Int+3}
 25300 | Gauntlet | Identified the ring of Deif Zax {Fly Str+3 Int-4 Dex+6}
 25385 | Gauntlet | Identified the +3 triple crossbow of the Dancing Hero
                  | {freeze, Contam rCorr SInv}
 25387 | Gauntlet | Learned a level 5 spell: Freezing Cloud
 25420 | Gauntlet | Reached skill level 13 in Polearms
 25420 | Gauntlet | Reached skill level 5 in Ice Magic
 25420 | Gauntlet | Reached skill level 5 in Evocations
 25420 | Gauntlet | Reached XP level 16. HP: 83/171 MP: 22/28
 25615 | D:13     | Found Zegun's Weapon Emporium.
 25662 | D:13     | Received a gift from Sif Muna
 25666 | D:13     | Got Sif Muna's Octavo of the Lungs and Exhumation {god
                  | gift}
 26030 | D:13     | Noticed Urug
 26037 | D:13     | Killed Urug
 26038 | D:13     | Reached skill level 10 in Conjurations
 27375 | D:14     | Identified the +7 short sword of Dosorch {protect, Int+2}
 28072 | D:15     | Entered Level 15 of the Dungeon
 28318 | D:15     | Noticed Agnes
 28326 | D:15     | Killed Agnes
 28327 | D:15     | Reached skill level 10 in Spellcasting
 28932 | D:15     | Acquired the ring "Xuateja" {+Blink MP+9 EV+5 Int+3}
 29048 | D:15     | Found a staircase to the Depths.
 30418 | Lair:3   | Found a staircase to the Swamp.
 30848 | Swamp:1  | Entered Level 1 of the Swamp
 30848 | Swamp:1  | Noticed Frances
 30889 | Swamp:1  | Reached skill level 14 in Polearms
 30889 | Swamp:1  | Reached XP level 17. HP: 126/167 MP: 31/31
 30906 | Swamp:1  | Killed Frances
 30927 | Swamp:1  | Received a gift from Sif Muna
 30928 | Swamp:1  | Got Sif Muna's Spellbook of Battling {god gift}
 30960 | Swamp:1  | Learned a level 4 spell: Iskenderun's Mystic Blast
 32340 | Swamp:2  | Noticed Nikola
 33388 | Swamp:2  | Killed Nikola
 33487 | Swamp:2  | Paralysed by a hornet for 2 turns
 34154 | Swamp:3  | Reached skill level 5 in Translocations
 34597 | Swamp:3  | Received a gift from Sif Muna
 34598 | Swamp:3  | Got Sif Muna's Elucidation of Brumal Voltage {god gift}
 35700 | Swamp:4  | Entered Level 4 of the Swamp
 35940 | Swamp:4  | Found a frozen archway.
 35969 | IceCv    | Entered an ice cave
 36403 | IceCv    | Slain by a caustic shrike simulacrum

Illustrated notes

Levels and vault maps discovered:
D:1:      lordsloth_arrival_two_stooges, layout_basic
D:2:      wander_river, layout_basic
D:3:      layout_basic, uniq_sigmund, uniq_grinder
D:4:      layout_loops_ring
D:5:      layout_loops_ring, led_sif_book, portal_sewer_entry_d, uniq_menkaure
D:6:      layout_rooms, minmay_temple_entry_statues_fountains,
          uniq_prince_ribbit1
D:7:      layout_basic, minivault_1, uniq_joseph
D:8:      lemuel_slime, layout_basic, nicolae_ossuary_entry_plus,
          lightli_orcish_oven
D:9:      layout_cave_pools, lemuel_round_altar, mainiacjoe_overflow_24_doors,
          david_orc_3, guppyfry_early_elven_hall
D:10:     layout_cave_pools, uniq_erica, uniq_lodul
D:11:     cheibrodos_frozen_isle, layout_irregular_city,
          hellmonk_lair_entry_icy, serial_shops, shop, grunt_decor_junction,
          nicolae_stop_n_shop_1, elves_outpost_lemuel, uniq_maurice
D:12:     layout_cave_pools, dancing_weapons_uskayaw
D:13:     layout_cave_pools, lightli_vaults_fourway_checkpoint, serial_shops,
          shop, gauntlet_entry_generic, minmay_the_grid_square_5x5_3x3_mashed
          [minmay_the_grid_square_5x5_detours, minmay_the_grid_square_5x5_eight,
          minmay_the_grid_square_5x5_minimal, minmay_the_grid_square_5x5_slash,
          minmay_the_grid_square_5x5_megaprize_checkered,
          minmay_the_grid_square_5x5_inverted_slash,
          minmay_the_grid_square_5x5_tetrominoes,
          minmay_the_grid_square_5x5_intrusive_squares,
          minmay_the_grid_square_5x5_inner_z], uniq_urug
D:14:     layout_long_grid
D:15:     grunt_enter_depths_giant_problem, layout_cave_pods, abandoned_shop,
          uniq_agnes
Temple:   hellmonk_temple_of_storms
Lair:1:   layout_chaotic_city, st_stairs_12, nicolae_quartered_pool_impasse,
          minmay_holes, uniq_gastronok, uniq_nergalle
Lair:2:   layout_gridlike, hellmonk_spider_entry_not_the_bees,
          dreamdust_gnoll_shepherd
Lair:3:   layout_loops_ring, minmay_swamp_entry_reptiles,
          hangedman_lair_unloving_vines, cheibrodos_lair_lostbears
Lair:4:   layout_long_grid, minmay_slime_entry_oklob_enclosed,
          lightli_volcano_entry_magma_tube, gammafunk_ghost_arena, minivault_23,
          lemuel_oklob_altar, grunt_megastairs_4
Lair:5:   grunt_lair_end_beastmaster, layout_regular_city, grunt_megastairs_5
Swamp:1:  layout_falls_marsh, serial_swamp_ruin, evilmike_swamp_ruin_house_2,
          evilmike_swamp_ruin_house_6, uniq_frances
Swamp:2:  layout_basic_swamp, evilmike_swamp_ruin_house_1,
          infiniplex_staircase_pool_2, uniq_nikola
Swamp:3:  layout_basic_swamp, evilmike_swamp_ruin_house_3,
          infiniplex_staircase_pool
Swamp:4:  swamp_vile, layout_basic_swamp, portal_ice_cave_entry_pillars_three
Orc:1:    layout_caves
Orc:2:    st_orc_town, layout_caves
IceCv:    ice_cave_statue_garden_chambered

Skill      XL: |  1  2  3  4  5  6  7  8  9 10 11 12 13 14 15 16 17 |
---------------+----------------------------------------------------+-----
Stealth        | 1 2 |  2.0
Polearms       | 3 4 5 7 8 9 10 11 12 13 14 | 14.0
Spellcasting   | 1 2 3 5 6 8 10 12 | 12.8
Fighting       | 5 6 7 8 9 11 13 | 13.9
Shields        | 4 5 6 7 9 10 | 10.0
Throwing       | 1 2 |  2.0
Air Magic      | 1 2 4 5 |  5.0
Poison Magic   | 1 2 4 5 |  5.0
Translocations | 2 4 6 |  6.5
Evocations     | 1 2 3 5 |  5.0
Armour         | 3 |  3.3
Dodging        | 4 |  4.7
Conjurations   | 2 5 6 8 9 10 12 | 12.3
Ice Magic      | 2 3 5 6 8 |  8.0
Transmutations | 2 |  2.0
Fire Magic     | 2 |  2.0
Invocations    | 4 5 |  5.0

Action                     |  1- 3 |  4- 6 |  7- 9 | 10-12 | 13-15 | 16-18 || total
---------------------------+-------+-------+-------+-------+-------+-------++-------
  Melee: Trident           |   142 |   104 |   122 |   753 |   564 |   190 ||  1875
         Short sword       |       |       |    10 |       |     4 |       ||    14
         Kick              |       |       |       |   108 |   227 |    81 ||   416
         Staff             |       |       |       |       |    92 |    74 ||   166
   Fire: Sling             |       |       |    15 |    68 |     3 |       ||    86
  Throw: Dart              |       |     8 |     8 |    66 |    64 |    53 ||   199
         Stone             |       |       |     1 |     1 |       |       ||     2
         Boomerang         |       |       |       |     3 |       |       ||     3
         Javelin           |       |       |       |     7 |     6 |       ||    13
         Large rock        |       |       |       |       |       |     3 ||     3
   Cast: Poisonous Vapours |       |       |    18 |   124 |    83 |    42 ||   267
         Mephitic Cloud    |       |       |       |    71 |   103 |    48 ||   222
         Blink             |       |       |       |     4 |     9 |     6 ||    19
         Ignite Poison     |       |       |       |       |    43 |    41 ||    84
         Freezing Cloud    |       |       |       |       |       |    96 ||    96
         Vhi's Electric Ch |       |       |       |       |       |     1 ||     1
         Iskenderun's Myst |       |       |       |       |       |    97 ||    97
 Invoke: Channel Magic     |       |       |       |       |     1 |     3 ||     4
Ability: Evoke Blink       |       |       |       |       |     1 |       ||     1
  Evoke: Wand              |       |       |     8 |     3 |    23 |    30 ||    64
         Phantom mirror    |       |       |       |     1 |     2 |     2 ||     5
         Lightning rod     |       |       |       |       |       |     9 ||     9
    Use: Scroll            |       |    12 |     5 |     3 |     6 |    10 ||    36
         Potion            |       |     4 |     2 |     9 |    10 |    19 ||    44
   Stab: Sleeping          |     3 |     5 |     4 |     4 |     3 |     1 ||    20
         Paralysed         |       |       |    11 |       |     4 |     4 ||    19
         Invisible         |       |       |       |     3 |     1 |       ||     4
         Confused          |       |       |       |    20 |    16 |     7 ||    43
         Distracted        |       |       |       |     1 |     1 |       ||     2
         Petrified         |       |       |       |       |     6 |     6 ||    12
 Armour: Robe              |    25 |    22 |    12 |       |    46 |    10 ||   115
         Steam dragon scal |       |       |    20 |    89 |    22 |    12 ||   143
         Skin              |       |       |       |       |     4 |       ||     4
  Dodge: Dodged            |    40 |    33 |    42 |   113 |    87 |    67 ||   382
  Block: Kite shield       |    48 |    34 |    48 |   304 |   452 |   241 ||  1127
         Reflection        |       |       |       |       |    20 |    30 ||    50

Table legend: (Time is in decaauts)
 A = Elapsed time spent in this place.
 B = Non-inter-level travel time spent in this place.
 C = Inter-level travel time spent in this place.
 D = Time resting spent in this place.
 E = Time spent auto-exploring this place.
 F = Levels seen in this place.
 G = Mean time per level.
                   A        B        C        D        E       F      G
               +--------+--------+--------+--------+--------+-----+--------+
         Total |  36317 |  34609 |   1708 |  11705 |  12091 |  32 | 1134.9 |
       Dungeon |  16621 |  15769 |    852 |   4041 |   6887 |  15 | 1108.1 |
        Temple |      1 |      1 |      0 |      0 |      0 |   1 |    1.0 |
          Lair |   8502 |   8124 |    378 |   2627 |   2976 |   5 | 1700.4 |
         Swamp |   4943 |   4790 |    153 |   2879 |    860 |   4 | 1235.8 |
  Orcish Mines |   4185 |   3862 |    323 |   1337 |   1098 |   2 | 2092.5 |
         Sewer |    188 |    188 |      0 |     46 |      0 |   1 |  188.0 |
       Ossuary |    210 |    210 |      0 |      0 |      0 |   1 |  210.0 |
      Ice Cave |    433 |    433 |      0 |    290 |      0 |   1 |  433.0 |
       Volcano |    612 |    612 |      0 |    233 |    193 |   1 |  612.0 |
      Gauntlet |    618 |    618 |      0 |    250 |     76 |   1 |  618.0 |
               +--------+--------+--------+--------+--------+-----+--------+

Top non-repeatable levels by time:
   Orc:2: 3246 daAuts
  Lair:5: 3020 daAuts
 Swamp:2: 2242 daAuts
    D:11: 2055 daAuts
  Lair:1: 1548 daAuts
     D:8: 1506 daAuts
  Lair:4: 1467 daAuts
    D:15: 1383 daAuts
     D:5: 1357 daAuts
 Swamp:1: 1332 daAuts
    D:13: 1298 daAuts
 Swamp:3: 1296 daAuts
  Lair:3: 1285 daAuts
  Lair:2: 1180 daAuts
     D:9: 1154 daAuts
